General information
			
			
        
        - name: BNet
 
        - type: Ladder team game (AT/RT)
 
        - host: Battle.net
 
        - saver: DASOCKBANDIT
 
        
map: GoldRush 
        - players: 8
 
        - length: 19:26
 
        - speed: Fast
 - version: 1.22 W3XP
 - replay type:  Public
 
» download(206 KB)
Players
        team 1 (winner) 
              
              
» 
BrokeAssNegro (
green | 112 APM | 2181 actions | 19:26)
              
 6 Mountain King 
 3 Storm Bolt
 2 Bash
 1 Avatar
 
                » actions 
                
                | Assign group hotkey | 221 |  | 
| Build / train | 100 |  | 
| ESC pressed | 5 |  | 
| Enter build submenu | 33 |  | 
| Enter hero's abilities submenu | 6 |  | 
| Give item / drop item | 2 |  | 
| Right click | 1147 |  | 
| Select / deselect | 241 |  | 
| Select group hotkey | 340 |  | 
| Use ability | 86 |  | 
                2181 total
 » units 
                
                | Peasant | 16 |  | 
| Dragonhawk Rider | 2 |  | 
| Gryphon Rider | 8 |  | 
                26 total
 » upgrades
                
                | Masonry | 3 |  | 
| Lumber Harvesting | 2 |  | 
| Swords | 3 |  | 
| Storm Hammers | 1 |  | 
| Armor | 3 |  | 
| Cloud | 1 |  | 
                13 total
 » buildings
                
                | Altar of Kings | 1 |  | 
| Farm | 7 |  | 
| Lumber Mill | 1 |  | 
| Scout Tower | 15 |  | 
| Guard Tower | 22 |  | 
| Arcane Vault | 1 |  | 
| Town Hall | 1 |  | 
| Keep | 4 |  | 
| Blacksmith | 2 |  | 
| Castle | 3 |  | 
| Gryphon Aviary | 3 |  | 
                60 total
 » build order
                00:05 Altar of Kings
00:12 Farm
00:23 Lumber Mill
01:02 Scout Tower
01:32 Scout Tower
01:40 Guard Tower
01:44 Scout Tower
01:58 Scout Tower
02:14 Guard Tower
02:20 Scout Tower
02:32 Guard Tower
03:10 Guard Tower
03:15 Scout Tower
03:22 Arcane Vault
04:14 Guard Tower
04:15 Farm
04:50 Scout Tower
04:51 Scout Tower
04:52 Scout Tower
04:53 Scout Tower
04:58 Scout Tower
05:19 Guard Tower
05:20 Guard Tower
05:20 Guard Tower
05:36 Guard Tower
05:38 Guard Tower
05:38 Guard Tower
05:46 Scout Tower
06:30 Town Hall
06:58 Guard Tower
07:13 Scout Tower
07:52 Guard Tower
08:17 Keep
08:17 Keep
09:05 Scout Tower
09:06 Scout Tower
09:41 Guard Tower
09:41 Guard Tower
09:41 Guard Tower
10:15 Guard Tower
10:16 Blacksmith
10:18 Blacksmith
10:43 Castle
10:43 Castle
10:44 Castle
11:23 Gryphon Aviary
12:10 Gryphon Aviary
12:37 Gryphon Aviary
12:43 Farm
12:44 Farm
13:24 Farm
13:59 Farm
14:08 Farm
» items
                
                | Lesser Clarity Potion | 7 |  | 
| Scroll of Regeneration | 4 |  | 
| Boots of Speed | 1 |  | 
| Staff of Teleportation | 1 |  | 
| Periapt of Vitality | 1 |  | 
| Scroll of Town Portal | 1 |  | 
| Orb of Fire | 1 |  | 
                16 total
  
               
              
              
» 
DASOCKBANDIT (
red | 104 APM | 2029 actions | 19:26)
              
 6 Blademaster 
 3 Wind Walk
 2 Critical Strike
 1 Bladestorm
 
                » actions 
                
                | Assign group hotkey | 61 |  | 
| Build / train | 62 |  | 
| ESC pressed | 1 |  | 
| Enter build submenu | 19 |  | 
| Enter hero's abilities submenu | 6 |  | 
| Give item / drop item | 1 |  | 
| Remove unit from queue | 1 |  | 
| Right click | 925 |  | 
| Select / deselect | 238 |  | 
| Select group hotkey | 642 |  | 
| Use ability | 73 |  | 
                2029 total
 » units 
                » upgrades
                
                | Spiked Barricades | 1 |  | 
| Ranged Weapons | 3 |  | 
| Reinforced Defenses | 1 |  | 
| Liquid Fire | 1 |  | 
                6 total
 » buildings
                
                | Altar of Storms | 1 |  | 
| Orc Burrow | 4 |  | 
| Voodoo Lounge | 1 |  | 
| War Mill | 1 |  | 
| Stronghold | 1 |  | 
| Watch Tower | 5 |  | 
| Beastiary | 2 |  | 
| Fortress | 2 |  | 
| Great Hall | 4 |  | 
                21 total
 » build order
                00:05 Altar of Storms
00:26 Orc Burrow
00:38 Voodoo Lounge
01:37 War Mill
02:32 Stronghold
03:23 Watch Tower
03:26 Watch Tower
03:40 Watch Tower
04:26 Watch Tower
04:29 Orc Burrow
04:31 Orc Burrow
05:03 Beastiary
05:24 Beastiary
06:09 Watch Tower
07:22 Fortress
07:23 Fortress
09:21 Orc Burrow
10:22 Great Hall
12:07 Great Hall
14:03 Great Hall
17:59 Great Hall
» items
                
                | Healing Salve | 3 |  | 
| Lesser Clarity Potion | 4 |  | 
| Boots of Speed | 1 |  | 
| Staff of Teleportation | 1 |  | 
| Potion of Mana | 2 |  | 
| Scroll of Town Portal | 2 |  | 
| Orb of Lightning | 1 |  | 
                14 total
  
               
              
              
» 
INFEKT (
teal | 89 APM | 1739 actions | 19:26)
              
 5 Archmage 
 3 Summon Water Elemental
 2 Brilliance Aura
 5 Paladin 
 3 Holy Light
 2 Divine Shield
 
                » actions 
                
                | Assign group hotkey | 242 |  | 
| Basic commands | 21 |  | 
| Build / train | 97 |  | 
| Enter build submenu | 39 |  | 
| Enter hero's abilities submenu | 10 |  | 
| Give item / drop item | 3 |  | 
| Remove unit from queue | 16 |  | 
| Right click | 766 |  | 
| Select / deselect | 366 |  | 
| Select group hotkey | 62 |  | 
| Use ability | 117 |  | 
                1739 total
 » units 
                » upgrades
                
                | Masonry | 3 |  | 
| Backpack | 0 |  | 
| Storm Hammers | 1 |  | 
| Swords | 3 |  | 
| Animal War Training | 1 |  | 
| Armor | 1 |  | 
                9 total
 » buildings
                
                | Altar of Kings | 1 |  | 
| Farm | 9 |  | 
| Lumber Mill | 2 |  | 
| Scout Tower | 24 |  | 
| Arcane Tower | 1 |  | 
| Guard Tower | 13 |  | 
| Arcane Vault | 1 |  | 
| Town Hall | 2 |  | 
| Keep | 2 |  | 
| Castle | 2 |  | 
| Gryphon Aviary | 2 |  | 
| Blacksmith | 1 |  | 
| Barracks | 1 |  | 
                61 total
 » build order
                00:08 Altar of Kings
00:10 Farm
00:46 Farm
01:00 Lumber Mill
01:02 Lumber Mill
01:26 Scout Tower
01:54 Arcane Tower
02:04 Scout Tower
02:08 Scout Tower
02:32 Guard Tower
02:48 Guard Tower
03:03 Arcane Vault
03:43 Town Hall
03:55 Scout Tower
03:58 Scout Tower
03:59 Scout Tower
04:26 Scout Tower
04:27 Scout Tower
04:28 Scout Tower
04:29 Scout Tower
04:31 Scout Tower
04:32 Scout Tower
04:32 Scout Tower
04:33 Scout Tower
05:04 Guard Tower
05:06 Keep
05:07 Keep
05:09 Farm
05:22 Guard Tower
05:22 Guard Tower
05:24 Farm
05:25 Farm
05:26 Farm
05:35 Guard Tower
05:35 Guard Tower
05:43 Guard Tower
05:55 Guard Tower
05:56 Guard Tower
06:09 Guard Tower
06:18 Guard Tower
06:35 Scout Tower
06:35 Scout Tower
06:36 Scout Tower
08:04 Castle
08:04 Castle
09:04 Town Hall
09:14 Scout Tower
09:14 Scout Tower
09:15 Scout Tower
09:18 Gryphon Aviary
09:23 Gryphon Aviary
09:26 Blacksmith
09:44 Guard Tower
09:44 Guard Tower
10:25 Guard Tower
10:27 Scout Tower
10:50 Guard Tower
11:39 Guard Tower
11:40 Scout Tower
11:41 Scout Tower
11:41 Scout Tower
12:25 Guard Tower
12:26 Guard Tower
12:50 Guard Tower
12:50 Guard Tower
13:08 Barracks
13:50 Guard Tower
13:50 Guard Tower
16:47 Farm
16:47 Farm
17:20 Farm
» items
                
                | Scroll of Regeneration | 1 |  | 
| Lesser Clarity Potion | 1 |  | 
| Scroll of Town Portal | 2 |  | 
| Potion of Lesser Invulnerability | 2 |  | 
| Boots of Speed | 1 |  | 
| Scroll of Healing | 1 |  | 
| Scroll of Protection | 1 |  | 
                9 total
  
               
              
              
MoScrilla (
purple | 81 APM | 1574 actions | 19:26)
              
 2 Mountain King 
 1 Storm Bolt
 1 Bash
 
                » actions 
                
                | Assign group hotkey | 50 |  | 
| Basic commands | 13 |  | 
| Build / train | 88 |  | 
| ESC pressed | 4 |  | 
| Enter build submenu | 43 |  | 
| Enter hero's abilities submenu | 2 |  | 
| Give item / drop item | 2 |  | 
| Right click | 602 |  | 
| Select / deselect | 215 |  | 
| Select group hotkey | 487 |  | 
| Use ability | 68 |  | 
                1574 total
 » units 
                » upgrades
                
                | Masonry | 3 |  | 
| Lumber Harvesting | 1 |  | 
| Armor | 1 |  | 
| Plating | 4 |  | 
| Barrage | 1 |  | 
| Gunpowder | 3 |  | 
                13 total
 » buildings
                
                | Altar of Kings | 1 |  | 
| Farm | 11 |  | 
| Lumber Mill | 1 |  | 
| Scout Tower | 13 |  | 
| Arcane Tower | 6 |  | 
| Guard Tower | 12 |  | 
| Keep | 1 |  | 
| Town Hall | 3 |  | 
| Castle | 1 |  | 
| Blacksmith | 1 |  | 
| Workshop | 5 |  | 
| Arcane Vault | 1 |  | 
                56 total
 » build order
                00:09 Altar of Kings
00:19 Farm
00:21 Farm
00:36 Lumber Mill
00:50 Scout Tower
01:00 Farm
01:21 Arcane Tower
01:21 Arcane Tower
01:36 Scout Tower
01:51 Farm
02:02 Guard Tower
02:02 Guard Tower
02:22 Scout Tower
03:14 Guard Tower
04:00 Keep
04:15 Scout Tower
04:17 Scout Tower
04:18 Scout Tower
04:28 Scout Tower
04:32 Guard Tower
04:37 Arcane Tower
04:37 Arcane Tower
04:39 Guard Tower
04:40 Guard Tower
05:17 Town Hall
05:22 Town Hall
05:26 Scout Tower
05:34 Guard Tower
05:49 Scout Tower
05:59 Guard Tower
06:20 Guard Tower
06:43 Castle
07:13 Blacksmith
08:16 Workshop
08:20 Workshop
08:22 Workshop
08:26 Workshop
09:21 Farm
09:22 Farm
09:42 Farm
10:21 Arcane Vault
10:39 Farm
12:07 Farm
12:07 Farm
12:08 Farm
12:31 Town Hall
13:39 Workshop
13:43 Scout Tower
13:44 Scout Tower
13:45 Scout Tower
13:45 Scout Tower
14:35 Guard Tower
» items
                
                | Lesser Clarity Potion | 3 |  | 
| Potion of Healing | 1 |  | 
| Boots of Speed | 2 |  | 
| Staff of Teleportation | 1 |  | 
| Potion of Invisibility | 1 |  | 
| Scroll of Regeneration | 2 |  | 
                10 total
  
               team 2 (loser) 
              
              
ATOUCHOFHERLIPS (
yellow | 92 APM | 1778 actions | 19:25)
              
 3 Death Knight 
 2 Death Coil
 1 Unholy Aura
 
                » actions 
                
                | Assign group hotkey | 61 |  | 
| Basic commands | 19 |  | 
| Build / train | 40 |  | 
| ESC pressed | 4 |  | 
| Enter build submenu | 25 |  | 
| Enter hero's abilities submenu | 3 |  | 
| Give item / drop item | 1 |  | 
| Remove unit from queue | 2 |  | 
| Right click | 532 |  | 
| Select / deselect | 279 |  | 
| Select group hotkey | 762 |  | 
| Use ability | 50 |  | 
                1778 total
 » units 
                
                | Acolyte | 8 |  | 
| Ghoul | 4 |  | 
| Crypt Fiend | 6 |  | 
| Frost Wyrm | 4 |  | 
                22 total
 » upgrades
                » buildings
                
                | Crypt | 2 |  | 
| Graveyard | 1 |  | 
| Altar of Darkness | 1 |  | 
| Ziggurat | 6 |  | 
| Tomb of Relics | 1 |  | 
| Halls of the Dead | 1 |  | 
| Black Citadel | 1 |  | 
| Sacrificial Pit | 1 |  | 
| Boneyard | 3 |  | 
| Spirit Tower | 2 |  | 
| Necropolis | 4 |  | 
                23 total
 » build order
                00:06 Crypt
00:09 Crypt
00:16 Graveyard
00:30 Altar of Darkness
00:46 Ziggurat
01:12 Tomb of Relics
01:58 Ziggurat
04:03 Halls of the Dead
04:33 Ziggurat
07:31 Black Citadel
07:58 Sacrificial Pit
09:53 Boneyard
09:54 Boneyard
10:11 Spirit Tower
10:29 Boneyard
10:40 Necropolis
11:47 Necropolis
11:49 Ziggurat
12:41 Necropolis
13:38 Ziggurat
14:25 Necropolis
18:50 Spirit Tower
18:57 Ziggurat
» items
                
                | Rod of Necromancy | 1 |  | 
| Scroll of Town Portal | 1 |  | 
| Potion of Healing | 1 |  | 
| Scroll of Healing | 1 |  | 
| Sacrificial Skull | 1 |  | 
                5 total
  
               
              
              
Iceberg-Slim (
orange | 84 APM | 1473 actions | 17:29)
              
 3 Keeper of the Grove 
 2 Entangling Roots
 1 Thorns Aura
 
                » actions 
                
                | Assign group hotkey | 10 |  | 
| Basic commands | 166 |  | 
| Build / train | 79 |  | 
| ESC pressed | 7 |  | 
| Enter build submenu | 35 |  | 
| Enter hero's abilities submenu | 3 |  | 
| Remove unit from queue | 1 |  | 
| Right click | 544 |  | 
| Select / deselect | 288 |  | 
| Select group hotkey | 267 |  | 
| Use ability | 73 |  | 
                1473 total
 » units 
                
                | Wisp | 61 |  | 
| Huntress | 3 |  | 
| Glaive Thrower | 1 |  | 
| Hippogryph | 4 |  | 
                69 total
 » upgrades
                » buildings
                
                | Altar of Elders | 1 |  | 
| Moon Well | 4 |  | 
| Hunter's Hall | 1 |  | 
| Ancient of War | 2 |  | 
| Tree of Life | 7 |  | 
| Tree of Ages | 1 |  | 
| Tree of Eternity | 2 |  | 
| Ancient of Wind | 1 |  | 
| Ancient Protector | 15 |  | 
                34 total
 » build order
                00:05 Altar of Elders
00:26 Moon Well
01:55 Hunter's Hall
02:11 Ancient of War
02:15 Ancient of War
02:34 Moon Well
03:43 Tree of Life
04:29 Tree of Ages
05:19 Moon Well
06:40 Moon Well
07:29 Tree of Eternity
07:46 Ancient of Wind
08:03 Tree of Life
08:25 Tree of Life
08:54 Tree of Life
12:03 Ancient Protector
12:06 Ancient Protector
12:34 Ancient Protector
12:36 Ancient Protector
12:54 Tree of Life
13:28 Tree of Life
14:02 Ancient Protector
14:05 Ancient Protector
14:53 Ancient Protector
14:58 Ancient Protector
15:00 Ancient Protector
15:01 Ancient Protector
15:14 Ancient Protector
15:22 Ancient Protector
15:26 Tree of Life
15:42 Ancient Protector
15:45 Ancient Protector
17:10 Ancient Protector
 
               
              
              
IPRACTICE2SUCK (
blue | 221 APM | 3662 actions | 16:32)
              
 3 Death Knight 
 2 Death Coil
 1 Unholy Aura
 3 Lich 
 2 Frost Nova
 1 Dark Ritual
 
                » actions 
                
                | Assign group hotkey | 25 |  | 
| Basic commands | 73 |  | 
| Build / train | 83 |  | 
| Enter build submenu | 23 |  | 
| Enter hero's abilities submenu | 6 |  | 
| Give item / drop item | 4 |  | 
| Remove unit from queue | 13 |  | 
| Right click | 1038 |  | 
| Select / deselect | 329 |  | 
| Select group hotkey | 1987 |  | 
| Use ability | 81 |  | 
                3662 total
 » units 
                
                | Acolyte | 4 |  | 
| Ghoul | 5 |  | 
| Crypt Fiend | 9 |  | 
| Frost Wyrm | 1 |  | 
                19 total
 » upgrades
                » buildings
                
                | Crypt | 2 |  | 
| Graveyard | 1 |  | 
| Altar of Darkness | 1 |  | 
| Ziggurat | 10 |  | 
| Tomb of Relics | 1 |  | 
| Nerubian Tower | 3 |  | 
| Halls of the Dead | 5 |  | 
| Black Citadel | 3 |  | 
| Sacrificial Pit | 1 |  | 
| Boneyard | 1 |  | 
| Necropolis | 1 |  | 
| Spirit Tower | 12 |  | 
                41 total
 » build order
                00:06 Crypt
00:07 Graveyard
00:42 Altar of Darkness
00:50 Ziggurat
01:23 Tomb of Relics
01:54 Ziggurat
03:34 Nerubian Tower
03:34 Nerubian Tower
04:03 Halls of the Dead
04:03 Halls of the Dead
04:04 Halls of the Dead
04:35 Ziggurat
06:26 Black Citadel
06:26 Black Citadel
07:14 Sacrificial Pit
08:00 Ziggurat
08:58 Boneyard
09:44 Ziggurat
09:56 Necropolis
11:49 Ziggurat
12:05 Ziggurat
12:15 Spirit Tower
12:15 Spirit Tower
12:15 Spirit Tower
12:16 Spirit Tower
12:16 Spirit Tower
12:27 Ziggurat
13:19 Ziggurat
13:19 Ziggurat
14:14 Spirit Tower
14:22 Spirit Tower
14:30 Crypt
15:16 Spirit Tower
» items
                
                | Rod of Necromancy | 2 |  | 
| Dust of Appearance | 1 |  | 
| Potion of Healing | 3 |  | 
| Scroll of Town Portal | 1 |  | 
| Orb of Corruption | 1 |  | 
                8 total
  
               
              
              
YEAHSHESASSBATS (
pink | 97 APM | 1890 actions | 19:23)
              
 4 Tauren Chieftain 
 2 Shockwave
 2 Endurance Aura
 3 Shadow Hunter 
 2 Hex
 1 Healing Wave
 
                » actions 
                
                | Assign group hotkey | 16 |  | 
| Basic commands | 110 |  | 
| Build / train | 67 |  | 
| ESC pressed | 3 |  | 
| Enter build submenu | 37 |  | 
| Enter hero's abilities submenu | 7 |  | 
| Give item / drop item | 5 |  | 
| Right click | 692 |  | 
| Select / deselect | 503 |  | 
| Select group hotkey | 344 |  | 
| Use ability | 106 |  | 
                1890 total
 » units 
                » upgrades
                
                | Berserker Strength | 1 |  | 
| Ensnare | 1 |  | 
| Spiked Barricades | 2 |  | 
                4 total
 » buildings
                
                | Altar of Storms | 1 |  | 
| Orc Burrow | 4 |  | 
| Barracks | 1 |  | 
| War Mill | 1 |  | 
| Stronghold | 1 |  | 
| Voodoo Lounge | 1 |  | 
| Great Hall | 3 |  | 
| Watch Tower | 21 |  | 
| Beastiary | 2 |  | 
| Fortress | 1 |  | 
                36 total
 » build order
                00:04 Altar of Storms
00:07 Orc Burrow
00:26 Barracks
01:32 Orc Burrow
02:13 War Mill
03:13 Stronghold
03:57 Voodoo Lounge
04:50 Great Hall
06:16 Orc Burrow
06:38 Great Hall
06:53 Orc Burrow
07:20 Watch Tower
08:03 Watch Tower
09:05 Watch Tower
09:21 Beastiary
09:29 Watch Tower
09:33 Watch Tower
09:43 Watch Tower
10:06 Watch Tower
10:07 Watch Tower
10:13 Great Hall
11:17 Watch Tower
11:41 Beastiary
11:47 Watch Tower
11:49 Watch Tower
13:27 Watch Tower
14:03 Watch Tower
14:33 Fortress
16:00 Watch Tower
16:02 Watch Tower
16:03 Watch Tower
16:49 Watch Tower
17:43 Watch Tower
17:44 Watch Tower
18:51 Watch Tower
19:02 Watch Tower
» items
                
                | Healing Salve | 2 |  | 
| Lesser Clarity Potion | 1 |  | 
| Potion of Healing | 1 |  | 
| Scroll of Speed | 1 |  | 
| Scroll of Town Portal | 8 |  | 
| Dust of Appearance | 1 |  | 
                14 total
  
                Chat log
          (00:12 / All) DASOCKBANDIT: "lets race up and beat them"
(00:17 / All) BrokeAssNegro: says the newb
(00:18 / All) BrokeAssNegro: LKOL
(00:21 / All) DASOCKBANDIT: "i mean race up again and beat them"
(00:22 / All) IPRACTICE2SUCK: was talons
(00:24 / All) IPRACTICE2SUCK: So i agree
(00:31 / All) Iceberg-Slim: ~*~Fight With Honor And Have Excellent Manner~*~
(00:39 / All) INFEKT: manner pls orange
(00:45 / All) MoScrilla: yo dick
(00:54 / All) IPRACTICE2SUCK: hi
(01:17 / All) IPRACTICE2SUCK: the ownage feed lol
(01:24 / All) DASOCKBANDIT: i drew that up in 10 seconds
(01:25 / All) DASOCKBANDIT: ftw justice
(01:26 / All) BrokeAssNegro: i am gosu
(01:32 / All) IPRACTICE2SUCK: i would imagine so
(02:25 / All) BrokeAssNegro: biggy le nigga
(02:38 / All) YEAHSHESASSBATS: fight me arashicage
(02:43 / All) YEAHSHESASSBATS: back off grim!
(03:18 / All) IPRACTICE2SUCK: one dead ass tc
(03:31 / All) DASOCKBANDIT: imagine if we did my feed
(06:20 / All) DASOCKBANDIT: me proto
(07:34 / All) Iceberg-Slim: warcraft is hard
(07:44 / All) IPRACTICE2SUCK: What a dork
(07:45 / All) MoScrilla: lol youre terrible
(07:48 / All) Iceberg-Slim: manner
(08:01 / All) IPRACTICE2SUCK: manner lol
(09:39 / All) IPRACTICE2SUCK: im so laggy guys!
(11:11 / All) BrokeAssNegro: LCUYK NIUGGER
(16:18 / All) DASOCKBANDIT: cruel " i spam 260 apm so i don't need web" justice
(16:31 / All) IPRACTICE2SUCK: gg boys wp
(16:47 / All) BrokeAssNegro: gg
(17:01 / All) DASOCKBANDIT: i didn't even need the ownage feed this game
(19:09 / All) BrokeAssNegro: teh humanz 0wn teh undeadz0rs
(19:20 / All) ATOUCHOFHERLIPS: ZZZZZ